ORI
CALIFORNIA STATE UNIVERSITY AT FULLERTON TITANS @ UNIVERSITY OF GEORGIA BULLDOGS
08/25/2044
 
TOP OF THE 1ST
California State University at Fullerton Titans batting - Pitching for University of Georgia Bulldogs : RHP Andy Wolverton
Pitching: RHP Andy Wolverton
Batting: LHB Newt Peper 0-0: Swinging Strike
0-1: Ball
1-1: Bunt for hit to P - play at first, batter safe!
Batting: LHB Wing-tat Tai 0-0: SINGLE (Flyball, 89S, EV 97.5 MPH)
Newt Peper to second
Runner from 2nd tries for 3rd, SAFE, throw by RF made to third
Batting: LHB Xue-liang Zhou 0-0: Ball
1-0: Called Strike
1-1: Called Strike
1-2: Ball
2-2: Ball
3-2: Base on Balls
Wing-tat Tai to second
Batting: RHB Azeem bin Zuhair 0-0: Called Strike
0-1: Swinging Strike
0-2: Strikes out swinging
Batting: LHB George Last 0-0: Ball
1-0: Called Strike
1-1: Ball
2-1: Ball
3-1: Called Strike
3-2: Foul Ball, location: 2F
3-2: Strikes out swinging
Batting: RHB Don Burt 0-0: Ball
1-0: Foul Ball, location: 2F
1-1: Ground out 6-3 (Groundball, 6S, EV 90.6 MPH)
Top of the 1st over - 0 runs, 2 hits, 0 errors, 3 left on base; California State University at Fullerton 0 - University of Georgia 0
BOTTOM OF THE 1ST
University of Georgia Bulldogs batting - Pitching for California State University at Fullerton Titans : LHP David Salas
Pitching: LHP David Salas
Batting: RHB Janne Vihko 0-0: Called Strike
0-1: Ball
1-1: Foul Ball, location: 2F
1-2: Fly out, F9 (Flyball, 9D, EV 97.5 MPH)
Batting: RHB Giorgi Bezhanishvili 0-0: SINGLE (Groundball, 6M, EV 94.4 MPH)
Batting: RHB Terry Oetker 0-0: Ball
Giorgi Bezhanishvili is caught stealing 2nd base 2-4
1-0: Foul Ball, location: 2F
1-1: Foul Ball, location: 2F
1-2: Fly out, F7 (Flyball, 7S, EV 85.6 MPH)
Bottom of the 1st over - 0 runs, 1 hit, 0 errors, 0 left on base; California State University at Fullerton 0 - University of Georgia 0
TOP OF THE 2ND
California State University at Fullerton Titans batting - Pitching for University of Georgia Bulldogs : RHP Andy Wolverton
Batting: RHB Nate Dabney 0-0: Called Strike
0-1: Called Strike
0-2: Foul Ball, location: 2F
0-2: Fly out, F5 (Line Drive, 5, EV 72.5 MPH)
Batting: RHB Ricky Alvarado 0-0: Called Strike
0-1: Swinging Strike
0-2: Ball
1-2: Foul Ball, location: 2F
1-2: Foul Ball, location: 2F
1-2: Ball
2-2: Foul Ball, location: 2F
2-2: Ground out 6-3 (Groundball, 6, EV 105.0 MPH)
Batting: RHB Oscar Ferrer 0-0: Called Strike
0-1: Ball
1-1: SINGLE (Groundball, 6, EV 94.4 MPH)
Batting: LHB Newt Peper 0-0: Ball
1-0: Foul Ball, location: 2F
1-1: Ball
2-1: Ball
3-1: Base on Balls
Oscar Ferrer to second
Batting: LHB Wing-tat Tai 0-0: SINGLE (Groundball, 6MD, EV 110.6 MPH)
Oscar Ferrer to third
Newt Peper to second
Runner from 3rd tries for Home, SAFE, throw by CF to home
Batting: LHB Xue-liang Zhou 0-0: Foul Ball, location: 2F
0-1: Ball
1-1: Ball
2-1: Ball
3-1: Base on Balls
Newt Peper to third
Wing-tat Tai to second
Batting: RHB Azeem bin Zuhair 0-0: Ball
1-0: Ball
2-0: Swinging Strike
2-1: Foul Ball, location: 2F
2-2: Reached on error, E6 (Groundball, 6S, EV 90.0 MPH)
Newt Peper scores
Wing-tat Tai to third
Xue-liang Zhou to second
Batting: LHB George Last 0-0: Called Strike
0-1: Called Strike
0-2: Ball
1-2: Strikes out swinging
Top of the 2nd over - 2 runs, 2 hits, 1 error, 3 left on base; California State University at Fullerton 2 - University of Georgia 0
BOTTOM OF THE 2ND
University of Georgia Bulldogs batting - Pitching for California State University at Fullerton Titans : LHP David Salas
Batting: RHB Juan Gallegos 0-0: Called Strike
0-1: Ball
1-1: Ball
2-1: Fly out, F7 (Flyball, 7S, EV 76.9 MPH)
Batting: RHB Pedro Gonzalez 0-0: Ball
1-0: Swinging Strike
1-1: Called Strike
1-2: Ball
2-2: Ball
3-2: SINGLE (Groundball, 6MD, EV 96.3 MPH)
Batting: RHB Armando Ramirez 0-0: Fly out, F6 (Popup, P, EV 67.5 MPH)
Batting: RHB Patrick Pinault 0-0: Called Strike
0-1: Ball
1-1: SINGLE (Line Drive, 4MD, EV 100.0 MPH)
Pedro Gonzalez to second
Batting: SHB Jack Tierney 0-0: Called Strike
0-1: Ground out 4-3 (Groundball, 4, EV 85.6 MPH)
Bottom of the 2nd over - 0 runs, 2 hits, 0 errors, 2 left on base; California State University at Fullerton 2 - University of Georgia 0
TOP OF THE 3RD
California State University at Fullerton Titans batting - Pitching for University of Georgia Bulldogs : RHP Andy Wolverton
Batting: RHB Don Burt 0-0: Called Strike
0-1: Ground out 5-3 (Groundball, 56S, EV 91.3 MPH)
Batting: RHB Nate Dabney 0-0: Foul Ball, location: 2F
0-1: Ground out 6-3 (Groundball, 6, EV 93.1 MPH)
Batting: RHB Ricky Alvarado 0-0: Ball
1-0: DOUBLE (Flyball, 89D, EV 91.9 MPH)
Pinch Runner at 2nd Dave Ramirez:
Batting: RHB Oscar Ferrer 0-0: Foul Ball, location: 2F
0-1: Ball
1-1: Ball
2-1: Called Strike
2-2: Ball
3-2: Base on Balls
Batting: LHB Newt Peper 0-0: Ball
Wild Pitch!
Dave Ramirez to third
Oscar Ferrer to second
1-0: Ball
2-0: Ball
3-0: Called Strike
3-1: Base on Balls
Pitching: LHP Viet Phang
Batting: LHB Wing-tat Tai 0-0: Swinging Strike
0-1: Ball
1-1: Fly out, F8 (Flyball, 8RD, EV 100.0 MPH)
Top of the 3rd over - 0 runs, 1 hit, 0 errors, 3 left on base; California State University at Fullerton 2 - University of Georgia 0
BOTTOM OF THE 3RD
University of Georgia Bulldogs batting - Pitching for California State University at Fullerton Titans : LHP David Salas
Now at SS: Guy Christensen
Batting: RHB Mike Lassiter 0-0: Foul Ball, location: 2F
0-1: Foul Ball, location: 2F
0-2: Strikes out swinging
Batting: RHB Janne Vihko 0-0: Swinging Strike
0-1: Ball
1-1: Ball
2-1: Foul Ball, location: 2F
2-2: Strikes out looking
Batting: RHB Giorgi Bezhanishvili 0-0: Hit by Pitch
Batting: RHB Terry Oetker 0-0: Called Strike
0-1: Ball
Pickoff Throw by Catcher to First - Error! E2
Giorgi Bezhanishvili to second
1-1: Ball
2-1: Foul Ball, location: 2F
2-2: Strikes out swinging
Bottom of the 3rd over - 0 runs, 0 hits, 1 error, 1 left on base; California State University at Fullerton 2 - University of Georgia 0
TOP OF THE 4TH
California State University at Fullerton Titans batting - Pitching for University of Georgia Bulldogs : LHP Viet Phang
Batting: LHB Xue-liang Zhou 0-0: Ball
1-0: Ball
2-0: Foul Ball, location: 2F
2-1: Ball
3-1: Base on Balls
Batting: RHB Azeem bin Zuhair 0-0: Called Strike
0-1: Called Strike
0-2: Ball
1-2: Strikes out looking
Batting: LHB George Last 0-0: Fielders Choice at 2nd, 4-6 (Groundball, 4, EV 84.4 MPH)
Batting: RHB Don Burt 0-0: Called Strike
0-1: Ball
1-1: Fielders Choice at 2nd, U6 (Groundball, 6M, EV 105.0 MPH)
Top of the 4th over - 0 runs, 0 hits, 0 errors, 1 left on base; California State University at Fullerton 2 - University of Georgia 0
BOTTOM OF THE 4TH
University of Georgia Bulldogs batting - Pitching for California State University at Fullerton Titans : LHP David Salas
Batting: RHB Juan Gallegos 0-0: Foul Ball, location: 2F
0-1: Called Strike
0-2: Strikes out swinging
Batting: RHB Pedro Gonzalez 0-0: Ground out 4-3 (Groundball, 4, EV 86.9 MPH)
Batting: RHB Armando Ramirez 0-0: Ground out 6-3 (Groundball, 6M, EV 89.4 MPH)
Bottom of the 4th over - 0 runs, 0 hits, 0 errors, 0 left on base; California State University at Fullerton 2 - University of Georgia 0
TOP OF THE 5TH
California State University at Fullerton Titans batting - Pitching for University of Georgia Bulldogs : LHP Viet Phang
Batting: RHB Nate Dabney 0-0: Called Strike
0-1: Swinging Strike
0-2: Ball
1-2: Ground out 5-3 (Groundball, 5S, EV 63.8 MPH)
Batting: SHB Guy Christensen 0-0: Called Strike
0-1: Called Strike
0-2: Ball
1-2: Strikes out looking
Batting: RHB Oscar Ferrer 0-0: Ball
1-0: Called Strike
1-1: Swinging Strike
1-2: Foul Ball, location: 2F
1-2: Foul Ball, location: 2F
1-2: Strikes out looking
Top of the 5th over - 0 runs, 0 hits, 0 errors, 0 left on base; California State University at Fullerton 2 - University of Georgia 0
BOTTOM OF THE 5TH
University of Georgia Bulldogs batting - Pitching for California State University at Fullerton Titans : LHP David Salas
Batting: RHB Patrick Pinault 0-0: Ball
1-0: Called Strike
1-1: Called Strike
1-2: SINGLE (Groundball, 56D, EV 101.9 MPH)
Batting: SHB Jack Tierney 0-0: SINGLE (Groundball, 34D, EV 95.0 MPH)
Patrick Pinault to second
Runner from 2nd tries for 3rd, SAFE, throw by RF made to third
Batting: RHB Mike Lassiter 0-0: Ball
1-0: Swinging Strike
1-1: Called Strike
1-2: SINGLE (Flyball, 8RS, EV 91.3 MPH)
Patrick Pinault scores
Jack Tierney to second
Batting: RHB Janne Vihko 0-0: Ball
Wild Pitch!
Jack Tierney to third
Mike Lassiter to second
1-0: Swinging Strike
1-1: SINGLE (Groundball, 6, EV 101.9 MPH)
Jack Tierney scores
Mike Lassiter to third
Batting: RHB Giorgi Bezhanishvili 0-0: Ball
1-0: Ball
2-0: Ground out 5-3 (Groundball, 5, EV 83.8 MPH)
Janne Vihko to second
Batting: RHB Terry Oetker 0-0: Ball
1-0: Foul Ball, location: 2F
1-1: Swinging Strike
1-2: Foul Ball, location: 2F
1-2: Foul Ball, location: 2F
1-2: Ball
2-2: Strikes out swinging
Batting: RHB Juan Gallegos 0-0: Swinging Strike
0-1: Ball
1-1: Swinging Strike
1-2: 3-RUN HOME RUN (Flyball, 9D, EV 94.4 MPH), Distance : 355 ft
Pitching: RHP Marcus Greene
Batting: RHB Pedro Gonzalez 0-0: Ball
1-0: Ground out 5-3 (Groundball, 56, EV 90.0 MPH)
Bottom of the 5th over - 5 runs, 5 hits, 0 errors, 0 left on base; California State University at Fullerton 2 - University of Georgia 5
TOP OF THE 6TH
California State University at Fullerton Titans batting - Pitching for University of Georgia Bulldogs : LHP Viet Phang
Batting: LHB Newt Peper 0-0: Ball
1-0: Reached on error, E6 (Groundball, 6MS, EV 92.5 MPH)
Batting: LHB Wing-tat Tai 0-0: Called Strike
0-1: Fly out, F6 (Popup, 6M, EV 73.1 MPH)
Batting: LHB Xue-liang Zhou 0-0: Called Strike
0-1: Foul Ball, location: 2F
0-2: Ball
1-2: Ball
Pickoff Throw to First - Out! 1-3
2-2: Ball
3-2: Base on Balls
Batting: RHB Azeem bin Zuhair 0-0: Swinging Strike
0-1: Ball
1-1: Ball
2-1: Foul Ball, location: 2F
2-2: Strikes out swinging
Top of the 6th over - 0 runs, 0 hits, 1 error, 1 left on base; California State University at Fullerton 2 - University of Georgia 5
BOTTOM OF THE 6TH
University of Georgia Bulldogs batting - Pitching for California State University at Fullerton Titans : RHP Marcus Greene
Batting: RHB Armando Ramirez 0-0: Foul Ball, location: 2F
0-1: Ground out 4-3 (Groundball, 34, EV 90.6 MPH)
Batting: RHB Patrick Pinault 0-0: Ball
1-0: Called Strike
1-1: Ball
2-1: Ground out 5-3 (Groundball, 56, EV 88.1 MPH)
Batting: SHB Jack Tierney 0-0: Ball
1-0: Ball
2-0: Foul Ball, location: 2F
2-1: Ball
3-1: Base on Balls
Batting: RHB Mike Lassiter Pickoff Throw to First - Error! E1
Jack Tierney to second
0-0: Ball
1-0: Called Strike
1-1: Ball
2-1: Swinging Strike
2-2: Strikes out looking
Bottom of the 6th over - 0 runs, 0 hits, 1 error, 1 left on base; California State University at Fullerton 2 - University of Georgia 5
TOP OF THE 7TH
California State University at Fullerton Titans batting - Pitching for University of Georgia Bulldogs : LHP Viet Phang
Pitching: RHP David Alferez
Batting: LHB George Last 0-0: Ground out 4-3 (Groundball, 4D, EV 104.4 MPH)
Batting: RHB Don Burt 0-0: Ball
1-0: Ball
2-0: Fly out, F4 (Line Drive, 4, EV 70.6 MPH)
Batting: RHB Nate Dabney 0-0: Fly out, F9 (Flyball, 89D, EV 91.3 MPH)
Top of the 7th over - 0 runs, 0 hits, 0 errors, 0 left on base; California State University at Fullerton 2 - University of Georgia 5
BOTTOM OF THE 7TH
University of Georgia Bulldogs batting - Pitching for California State University at Fullerton Titans : RHP Marcus Greene
Batting: RHB Janne Vihko 0-0: Ball
1-0: Ball
2-0: Ball
3-0: Called Strike
3-1: Fly out, F9 (Line Drive, 9, EV 97.5 MPH)
Batting: RHB Giorgi Bezhanishvili 0-0: Ball
1-0: Ground out 6-3 (Groundball, 6S, EV 95.0 MPH)
Pinch Hitting: RHB Minoru Matsumoto 0-0: Ball
1-0: SINGLE (Groundball, 6MD, EV 106.3 MPH)
Batting: RHB Juan Gallegos 0-0: Called Strike
Minoru Matsumoto is caught stealing 2nd base 2-4
Bottom of the 7th over - 0 runs, 1 hit, 0 errors, 0 left on base; California State University at Fullerton 2 - University of Georgia 5
TOP OF THE 8TH
California State University at Fullerton Titans batting - Pitching for University of Georgia Bulldogs : RHP David Alferez
Now at 1B: Jeff Floyd
Batting: SHB Guy Christensen 0-0: Ball
1-0: Ball
2-0: Called Strike
2-1: Ball
3-1: Called Strike
3-2: Strikes out swinging, 2-3 out at first.
Pinch Hitting: LHB Luis Diaz 0-0: Ground out U3 (Groundball, 34S, EV 92.5 MPH)
Batting: LHB Newt Peper 0-0: Ball
1-0: Swinging Strike
1-1: Foul Ball, location: 2F
1-2: Foul Ball, location: 2F
1-2: Fly out, F6 (Line Drive, 6, EV 70.6 MPH)
Top of the 8th over - 0 runs, 0 hits, 0 errors, 0 left on base; California State University at Fullerton 2 - University of Georgia 5
BOTTOM OF THE 8TH
University of Georgia Bulldogs batting - Pitching for California State University at Fullerton Titans : RHP Marcus Greene
Now at 2B: Guillermo Arredondo
Batting: RHB Juan Gallegos 0-0: Called Strike
0-1: Ground out U3 (Groundball, 34, EV 91.3 MPH)
Pinch Hitting: SHB Javy Franco 0-0: Foul Ball, location: 2F
0-1: Ball
1-1: Ball
2-1: Called Strike
2-2: Ball
3-2: Foul Ball, location: 2F
3-2: Fly out, F3 (Popup, 34S, EV 72.5 MPH)
Batting: RHB Armando Ramirez 0-0: Swinging Strike
0-1: Called Strike
0-2: Foul Ball, location: 2F
0-2: Strikes out looking
Bottom of the 8th over - 0 runs, 0 hits, 0 errors, 0 left on base; California State University at Fullerton 2 - University of Georgia 5
TOP OF THE 9TH
California State University at Fullerton Titans batting - Pitching for University of Georgia Bulldogs : RHP David Alferez
Pitching: RHP Moises Baez
Now at SS: Tsugio Yamaguchi
Pinch Hitting: LHB Darren Sturgis 0-0: SINGLE (Groundball, 4MD, EV 101.3 MPH)
Pinch Hitting: RHB Bill Reader 0-0: Swinging Strike
0-1: Foul Ball, location: 2F
0-2: Strikes out swinging
Pinch Hitting: LHB Zachery Ballard 0-0: Reached on error, E6 (Groundball, 6, EV 85.6 MPH)
Darren Sturgis to second
Pinch Hitting: RHB Jailen Mendez 0-0: SINGLE (Groundball, 6M, EV 92.5 MPH) (infield hit)
Darren Sturgis to third
Zachery Ballard to second
Pinch Hitting: RHB Mike Hill 0-0: Ball
1-0: Called Strike
1-1: Called Strike
1-2: Strikes out swinging
Batting: RHB Nate Dabney 0-0: Called Strike
0-1: Fielders Choice at 2nd, 4-6 (Groundball, 4MD, EV 103.8 MPH)
Top of the 9th over - 0 runs, 2 hits, 1 error, 3 left on base; California State University at Fullerton 2 - University of Georgia 5
Thursday, March 31st , 2022 - OOTP Baseball 22.12 Build 89